TOP OF THE 1ST |
Oklahoma State Cowboys batting - Pitching for North Carolina State Wolfpack : RHP Edgardo Castillo
|
Pitching: RHP Edgardo Castillo
|
|
Batting: RHB Larry Young
|
0-0: Called Strike 0-1: Swinging Strike 0-2: Strikes out swinging
|
Batting: LHB Cristián Rodríguez
|
0-0: Swinging Strike 0-1: Ball 1-1: Foul Ball, location: 2F 1-2: Ball 2-2: Strikes out looking
|
Batting: RHB John Lynch
|
0-0: Ball 1-0: Swinging Strike 1-1: Fly out, F4 (Line Drive, 4D)
|
Top of the 1st over - 0 run(s), 0 hit(s), 0 error(s), 0 left on base; Oklahoma State 0 - North Carolina State 0 |
BOTTOM OF THE 1ST |
North Carolina State Wolfpack batting - Pitching for Oklahoma State Cowboys : RHP Carl Garrison
|
Pitching: RHP Carl Garrison
|
|
Batting: LHB Broderick Dempsey
|
0-0: Ball 1-0: Foul Ball, location: 2F 1-1: Foul Ball, location: 2F 1-2: Strikes out swinging
|
Batting: RHB Jorge García
|
0-0: Hit by Pitch
|
Batting: LHB Corey MacGregor
|
0-0: SINGLE (Groundball, 56S) (infield hit) Jorge García to second
|
Batting: RHB Kyle Watkins
|
0-0: Ball 1-0: Ball 2-0: Ball 3-0: Called Strike 3-1: Called Strike 3-2: Base on Balls Jorge García to third Corey MacGregor to second
|
Batting: RHB Jonathon García
|
0-0: Called Strike 0-1: Ball 1-1: Ball 2-1: Swinging Strike 2-2: Ball 3-2: Grounds into double play, 4-6-3 (Groundball, 4)
|
Bottom of the 1st over - 0 run(s), 1 hit(s), 0 error(s), 2 left on base; Oklahoma State 0 - North Carolina State 0 |
BOTTOM OF THE 2ND |
North Carolina State Wolfpack batting - Pitching for Oklahoma State Cowboys : RHP Carl Garrison
|
Batting: SHB Mark Hendree
|
0-0: Ball 1-0: Called Strike 1-1: Swinging Strike 1-2: Ball 2-2: Foul Ball, location: 2F 2-2: Strikes out looking
|
Batting: RHB Bart Wade
|
0-0: Ball 1-0: Ball 2-0: DOUBLE (Flyball, 78D)
|
Batting: LHB Shawn Joyce
|
0-0: Called Strike 0-1: Ball 1-1: Ball 2-1: Ground out 1-3 (Groundball, 13S) Bart Wade to third
|
Batting: RHB Roberto Landavazo
|
0-0: Ball 1-0: Ball 2-0: Called Strike 2-1: Swinging Strike 2-2: Strikes out looking
|
Bottom of the 2nd over - 0 run(s), 1 hit(s), 0 error(s), 1 left on base; Oklahoma State 2 - North Carolina State 0 |
TOP OF THE 3RD |
Oklahoma State Cowboys batting - Pitching for North Carolina State Wolfpack : RHP Edgardo Castillo
|
Batting: LHB Cristián Rodríguez
|
0-0: Ball 1-0: Ball 2-0: Swinging Strike 2-1: Ball 3-1: Called Strike 3-2: Foul Ball, location: 2F 3-2: Base on Balls
|
Batting: RHB John Lynch
|
0-0: Ball 1-0: Ball 2-0: Grounds into double play, 6-4-3 (Groundball, 6)
|
Batting: LHB Bill Bryan
|
0-0: Ball 1-0: Called Strike 1-1: Foul Ball, location: 2F 1-2: Foul Ball, location: 2F 1-2: Strikes out swinging
|
Top of the 3rd over - 0 run(s), 0 hit(s), 0 error(s), 0 left on base; Oklahoma State 2 - North Carolina State 0 |
BOTTOM OF THE 3RD |
North Carolina State Wolfpack batting - Pitching for Oklahoma State Cowboys : RHP Carl Garrison
|
Batting: LHB Broderick Dempsey
|
0-0: Called Strike 0-1: Foul Ball, location: 2F 0-2: Ball 1-2: Ball 2-2: Ball 3-2: Strikes out swinging
|
Batting: RHB Jorge García
|
0-0: Ball 1-0: Foul Ball, location: 2F 1-1: Foul Ball, location: 2F 1-2: Ball 2-2: Ball 3-2: Ground out 4-3 (Groundball, 34)
|
Batting: LHB Corey MacGregor
|
0-0: Swinging Strike 0-1: Foul Ball, location: 2F 0-2: Hit by Pitch
|
Batting: RHB Kyle Watkins
|
0-0: Called Strike 0-1: Fly out, F6 (Popup, 6MS)
|
Bottom of the 3rd over - 0 run(s), 0 hit(s), 0 error(s), 1 left on base; Oklahoma State 2 - North Carolina State 0 |
TOP OF THE 4TH |
Oklahoma State Cowboys batting - Pitching for North Carolina State Wolfpack : RHP Edgardo Castillo
|
Batting: RHB Augusto Padilla
|
0-0: Ball 1-0: Foul Ball, location: 2F 1-1: DOUBLE (Line Drive, 78D)
|
Batting: SHB Ernest Hood
|
0-0: Called Strike 0-1: Ball 1-1: Foul Ball, location: 2F 1-2: Ball 2-2: Foul Ball, location: 2F 2-2: Foul Ball, location: 2F 2-2: Ball 3-2: Base on Balls
|
Batting: LHB César Colón
|
0-0: Fielders Choice at 2nd, 4-6 (Groundball, 4) Augusto Padilla to third
|
Batting: LHB Horace Kramer
|
0-0: Ball 1-0: Ball 2-0: 3-RUN HOME RUN (Flyball, 9LD), Distance : 314 ft
|
Batting: RHB Burt Sharp
|
0-0: Ball 1-0: Called Strike 1-1: SINGLE (Line Drive, 6MD)
|
Batting: RHB Larry Young
|
0-0: Ball 1-0: Called Strike 1-1: Swinging Strike 1-2: Ball 2-2: Ball 3-2: Base on Balls Burt Sharp to second
|
Batting: LHB Cristián Rodríguez
|
0-0: Foul Ball, location: 2F 0-1: Ball 1-1: Ball 2-1: Swinging Strike 2-2: Ball 3-2: Base on Balls Burt Sharp to third Larry Young to second
|
Pitching: LHP Brian Armstrong
|
|
Batting: RHB John Lynch
|
0-0: Called Strike 0-1: Called Strike 0-2: Foul Ball, location: 2F 0-2: Strikes out looking
|
Batting: LHB Bill Bryan
|
0-0: Foul Ball, location: 2F 0-1: Ball 1-1: Ball 2-1: Ball 3-1: Base on Balls Burt Sharp scores Larry Young to third Cristián Rodríguez to second
|
Batting: RHB Augusto Padilla
|
0-0: Ball 1-0: Ball 2-0: Called Strike 2-1: Ball 3-1: Base on Balls Larry Young scores Cristián Rodríguez to third Bill Bryan to second
|
Batting: SHB Ernest Hood
|
0-0: Ball 1-0: Ball 2-0: Called Strike 2-1: Foul Ball, location: 2F 2-2: Strikes out swinging
|
Top of the 4th over - 5 run(s), 3 hit(s), 0 error(s), 3 left on base; Oklahoma State 7 - North Carolina State 0 |
BOTTOM OF THE 4TH |
North Carolina State Wolfpack batting - Pitching for Oklahoma State Cowboys : RHP Carl Garrison
|
Batting: RHB Jonathon García
|
0-0: Ball 1-0: Ball 2-0: Swinging Strike 2-1: Ball 3-1: Called Strike 3-2: SINGLE (Line Drive, 4)
|
Batting: SHB Mark Hendree
|
0-0: Foul Ball, location: 2F 0-1: Called Strike 0-2: Ball 1-2: Strikes out swinging
|
Batting: RHB Bart Wade
|
0-0: Foul Ball, location: 2F 0-1: Ball 1-1: SINGLE (Line Drive, 6D) Jonathon García to second
|
Batting: LHB Shawn Joyce
|
0-0: Foul Ball, location: 2F 0-1: Fly out, F9 (Line Drive, 89M)
|
Batting: RHB Roberto Landavazo
|
0-0: Ball 1-0: Foul Ball, location: 2F 1-1: Ball 2-1: Called Strike 2-2: Ball 3-2: Strikes out swinging
|
Bottom of the 4th over - 0 run(s), 2 hit(s), 0 error(s), 2 left on base; Oklahoma State 7 - North Carolina State 0 |
TOP OF THE 5TH |
Oklahoma State Cowboys batting - Pitching for North Carolina State Wolfpack : LHP Brian Armstrong
|
Batting: LHB César Colón
|
0-0: Called Strike 0-1: Ball 1-1: Ball 2-1: Fly out, F8 (Flyball, 78S)
|
Batting: LHB Horace Kramer
|
0-0: Ground out 5-3 (Groundball, 56S)
|
Batting: RHB Burt Sharp
|
0-0: Swinging Strike 0-1: Ball 1-1: Foul Ball, location: 2F 1-2: Ball 2-2: Foul Ball, location: 2F 2-2: Ball 3-2: Strikes out swinging
|
Top of the 5th over - 0 run(s), 0 hit(s), 0 error(s), 0 left on base; Oklahoma State 7 - North Carolina State 0 |
BOTTOM OF THE 5TH |
North Carolina State Wolfpack batting - Pitching for Oklahoma State Cowboys : RHP Carl Garrison
|
Batting: LHB Broderick Dempsey
|
0-0: Ball 1-0: Ball 2-0: Ball 3-0: Called Strike 3-1: Called Strike 3-2: Base on Balls
|
Pitching: LHP Clarence Webb
|
|
Batting: RHB Jorge García
|
0-0: Ball 1-0: Called Strike 1-1: Ball 2-1: Ball 3-1: 2-RUN HOME RUN (Flyball, 78XD), Distance : 386 ft
|
Batting: LHB Corey MacGregor
|
0-0: Ball 1-0: Ball 2-0: Called Strike 2-1: Fly out, F9 (Flyball, 89S)
|
Batting: RHB Kyle Watkins
|
0-0: Called Strike 0-1: Foul Ball, location: 2F 0-2: SINGLE (Groundball, 4MD)
|
Batting: RHB Jonathon García
|
0-0: Fly out, F6 (Popup, 6D)
|
Batting: SHB Mark Hendree
|
0-0: Called Strike 0-1: Ball 1-1: Swinging Strike 1-2: Foul Ball, location: 2F 1-2: SINGLE (Groundball, 56D) Kyle Watkins to second
|
Batting: RHB Bart Wade
|
0-0: Ball 1-0: Called Strike 1-1: Ball 2-1: Fielders Choice at 2nd, 5-4 (Groundball, 5)
|
Bottom of the 5th over - 2 run(s), 3 hit(s), 0 error(s), 1 left on base; Oklahoma State 7 - North Carolina State 2 |
TOP OF THE 6TH |
Oklahoma State Cowboys batting - Pitching for North Carolina State Wolfpack : LHP Brian Armstrong
|
Batting: RHB Larry Young
|
0-0: Ball 1-0: Ball 2-0: Called Strike 2-1: Ground out 5-3 (Groundball, 56)
|
Batting: LHB Cristián Rodríguez
|
0-0: Ball 1-0: Ball 2-0: Ball 3-0: Called Strike 3-1: Base on Balls
|
Batting: RHB John Lynch
|
0-0: Fly out, F7 (Line Drive, 78M)
|
Batting: LHB Bill Bryan
|
0-0: Ball 1-0: Called Strike 1-1: Ground out 2-3 (Groundball, 15S)
|
Top of the 6th over - 0 run(s), 0 hit(s), 0 error(s), 1 left on base; Oklahoma State 7 - North Carolina State 2 |
BOTTOM OF THE 6TH |
North Carolina State Wolfpack batting - Pitching for Oklahoma State Cowboys : LHP Clarence Webb
|
Batting: LHB Shawn Joyce
|
0-0: Called Strike 0-1: Ball 1-1: Ball 2-1: Ball 3-1: Called Strike 3-2: Foul Ball, location: 2F 3-2: Base on Balls
|
Batting: RHB Roberto Landavazo
|
0-0: Ball 1-0: Ball 2-0: Hit by Pitch Shawn Joyce to second
|
Batting: LHB Broderick Dempsey
|
0-0: Called Strike 0-1: Reached on error, E5 (Groundball, 56) Shawn Joyce to third Roberto Landavazo to second
|
Batting: RHB Jorge García
|
0-0: Ball 1-0: Ball 2-0: Called Strike 2-1: Grounds into double play, 5-4-3 (Groundball, 56) Shawn Joyce scores Roberto Landavazo to third
|
Batting: LHB Corey MacGregor
|
0-0: SINGLE (Flyball, 8RS) Roberto Landavazo scores
|
Pitching: RHP Artie McDaniel
|
|
Batting: RHB Kyle Watkins
|
0-0: Ball 1-0: Foul Ball, location: 2F 1-1: Swinging Strike 1-2: Ball 2-2: Ball 3-2: SINGLE (Line Drive, 6D) Corey MacGregor to second Corey MacGregor to third
|
Batting: RHB Jonathon García
|
0-0: Ball 1-0: Called Strike 1-1: Ball 2-1: Foul Ball, location: 2F 2-2: 3-RUN HOME RUN (Flyball, 7LD), Distance : 331 ft
|
Batting: SHB Mark Hendree
|
0-0: Fly out, F8 (Flyball, 8RS)
|
Bottom of the 6th over - 5 run(s), 3 hit(s), 1 error(s), 0 left on base; Oklahoma State 7 - North Carolina State 7 |
TOP OF THE 7TH |
Oklahoma State Cowboys batting - Pitching for North Carolina State Wolfpack : LHP Brian Armstrong
|
Batting: RHB Augusto Padilla
|
0-0: Swinging Strike 0-1: Ball 1-1: Swinging Strike 1-2: Ball 2-2: Foul Ball, location: 2F 2-2: Ball 3-2: Strikes out looking
|
Pitching: RHP Shawn Roberts
|
|
Batting: SHB Ernest Hood
|
0-0: Ball 1-0: Fly out, F7 (Flyball, 7)
|
Batting: LHB César Colón
|
0-0: Ball 1-0: Called Strike 1-1: Foul Ball, location: 2F 1-2: SINGLE (Line Drive, 56)
|
Batting: LHB Horace Kramer
|
0-0: Called Strike 0-1: Ball César Colón is caught stealing 2nd base
|
Top of the 7th over - 0 run(s), 1 hit(s), 0 error(s), 0 left on base; Oklahoma State 7 - North Carolina State 7 |
BOTTOM OF THE 7TH |
North Carolina State Wolfpack batting - Pitching for Oklahoma State Cowboys : RHP Artie McDaniel
|
Pitching: LHP John Curtis
|
|
Batting: RHB Bart Wade
|
0-0: Ball 1-0: Foul Ball, location: 2F 1-1: Ground out 6-3 (Groundball, 6)
|
Batting: LHB Shawn Joyce
|
0-0: Called Strike 0-1: Ball 1-1: Ball 2-1: Ground out 3-1 (Groundball, 3S)
|
Batting: RHB Roberto Landavazo
|
0-0: Ball 1-0: Ball 2-0: Foul Ball, location: 2F 2-1: Foul Ball, location: 2F 2-2: Ball 3-2: Base on Balls
|
Pinch Hitting: LHB Steven Gregory
|
0-0: Called Strike 0-1: Ball 1-1: Ball 2-1: Ball 3-1: Called Strike 3-2: Base on Balls Roberto Landavazo to second
|
Batting: RHB Jorge García
|
0-0: Ball 1-0: Called Strike 1-1: Swinging Strike 1-2: Ball 2-2: Strikes out swinging
|
Bottom of the 7th over - 0 run(s), 0 hit(s), 0 error(s), 2 left on base; Oklahoma State 7 - North Carolina State 7 |
TOP OF THE 8TH |
Oklahoma State Cowboys batting - Pitching for North Carolina State Wolfpack : RHP Shawn Roberts
|
Now in CF: Steven Gregory
|
|
Batting: LHB Horace Kramer
|
0-0: Ball 1-0: Swinging Strike 1-1: DOUBLE (Flyball, 7LM)
|
Pinch Hitting: SHB Steve Miner
|
0-0: Intentional Walk
|
Batting: RHB Larry Young
|
0-0: 3-RUN HOME RUN (Flyball, 7D), Distance : 371 ft
|
Pitching: LHP Matt Ramey
|
|
Batting: LHB Cristián Rodríguez
|
0-0: Ball 1-0: Foul Ball, location: 2F 1-1: Ball 2-1: Called Strike 2-2: Ball 3-2: Base on Balls
|
Batting: RHB John Lynch
|
0-0: Called Strike 0-1: Ball 1-1: Ball 2-1: Ball 3-1: Foul Ball, location: 2F 3-2: Foul Ball, location: 2F 3-2: Base on Balls Cristián Rodríguez to second
|
Batting: LHB Bill Bryan
|
0-0: Called Strike 0-1: Fielders Choice at 2nd, 4-6 (Groundball, 4) Cristián Rodríguez to third
|
Now at SS: Joel Clay
|
|
Batting: RHB Augusto Padilla
|
0-0: Ball 1-0: Ball 2-0: Called Strike 2-1: Ball 3-1: Foul Ball, location: 2F 3-2: Base on Balls Bill Bryan to second
|
Batting: SHB Ernest Hood
|
0-0: Ball 1-0: Swinging Strike 1-1: Ball Wild Pitch! Cristián Rodríguez scores Bill Bryan to third Augusto Padilla to second 2-1: Foul Ball, location: 2F 2-2: Strikes out looking
|
Batting: LHB César Colón
|
0-0: Called Strike 0-1: Swinging Strike 0-2: Ball 1-2: Foul Ball, location: 2F 1-2: Strikes out swinging
|
Top of the 8th over - 4 run(s), 2 hit(s), 0 error(s), 2 left on base; Oklahoma State 11 - North Carolina State 7 |
BOTTOM OF THE 8TH |
North Carolina State Wolfpack batting - Pitching for Oklahoma State Cowboys : LHP John Curtis
|
Now at 2B: Brian Baker
|
|
Batting: LHB Corey MacGregor
|
0-0: Swinging Strike 0-1: Foul Ball, location: 2F 0-2: Ball 1-2: Ball 2-2: Ball 3-2: Foul Ball, location: 2F 3-2: Foul Ball, location: 2F 3-2: Base on Balls
|
Batting: RHB Kyle Watkins
|
0-0: Ball 1-0: Ball 2-0: Foul Ball, location: 2F 2-1: Ball 3-1: SINGLE (Groundball, 56D) Corey MacGregor to second
|
Pitching: RHP Joe Bell
|
|
Batting: RHB Jonathon García
|
0-0: Called Strike 0-1: Swinging Strike 0-2: Ball 1-2: Strikes out swinging
|
Pitching: LHP Barry Arroyo
|
|
Batting: SHB Joel Clay
|
0-0: Called Strike 0-1: Grounds into double play, 4-6-3 (Groundball, 4M)
|
Bottom of the 8th over - 0 run(s), 1 hit(s), 0 error(s), 1 left on base; Oklahoma State 11 - North Carolina State 7 |
TOP OF THE 9TH |
Oklahoma State Cowboys batting - Pitching for North Carolina State Wolfpack : LHP Matt Ramey
|
Pitching: LHP Will Baker
|
|
Batting: LHB Horace Kramer
|
0-0: SINGLE (Line Drive, 78S)
|
Batting: RHB Brian Baker
|
0-0: Ball Balk! Horace Kramer to second 1-0: SINGLE (Line Drive, 3) Horace Kramer to third
|
Batting: RHB Larry Young
|
0-0: Ball 1-0: Ball 2-0: Called Strike 2-1: Ball 3-1: Foul Ball, location: 2F 3-2: Base on Balls Brian Baker to second
|
Batting: LHB Cristián Rodríguez
|
0-0: Ball 1-0: Called Strike 1-1: Ball 2-1: Ball 3-1: Base on Balls Horace Kramer scores Brian Baker to third Larry Young to second
|
Batting: RHB John Lynch
|
0-0: Swinging Strike 0-1: Ball 1-1: SINGLE (Line Drive, 8RS) Brian Baker scores Larry Young to third Cristián Rodríguez to second
|
Batting: LHB Bill Bryan
|
0-0: Ball 1-0: Ball 2-0: Fielders Choice at 2nd, 3-6 (Groundball, 34) Larry Young scores Cristián Rodríguez to third
|
Pitching: RHP Brit Torres
|
|
Batting: RHB Augusto Padilla
|
0-0: SINGLE (Line Drive, 6D) Cristián Rodríguez scores Bill Bryan to second
|
Batting: SHB Ernest Hood
|
0-0: Called Strike 0-1: DOUBLE (Flyball, 8RD) Bill Bryan scores Augusto Padilla to third
|
Batting: LHB César Colón
|
0-0: Ball 1-0: Ball 2-0: Foul Ball, location: 2F 2-1: Swinging Strike 2-2: Ball 3-2: Strikes out swinging
|
Batting: LHB Horace Kramer
|
0-0: Ball 1-0: Ball 2-0: Foul Ball, location: 2F 2-1: Ball 3-1: Called Strike 3-2: Base on Balls
|
Batting: RHB Brian Baker
|
0-0: Ball 1-0: Ball 2-0: Ball 3-0: Base on Balls Augusto Padilla scores Ernest Hood to third Horace Kramer to second
|
Batting: RHB Larry Young
|
0-0: Ball 1-0: Called Strike 1-1: Ball Wild Pitch! Ernest Hood scores Horace Kramer to third Brian Baker to second 2-1: Ball 3-1: Base on Balls
|
Batting: LHB Cristián Rodríguez
|
0-0: Foul Ball, location: 2F 0-1: Ball 1-1: Foul Ball, location: 2F 1-2: Strikes out swinging
|
Top of the 9th over - 7 run(s), 5 hit(s), 0 error(s), 3 left on base; Oklahoma State 18 - North Carolina State 7 |
BOTTOM OF THE 9TH |
North Carolina State Wolfpack batting - Pitching for Oklahoma State Cowboys : LHP Barry Arroyo
|
Batting: RHB Bart Wade
|
0-0: Ball 1-0: Ball 2-0: Ball 3-0: Foul Ball, location: 2F 3-1: Called Strike 3-2: Base on Balls
|
Batting: LHB Shawn Joyce
|
0-0: Called Strike 0-1: Swinging Strike 0-2: Fly out, F8 (Flyball, 8RM)
|
Batting: RHB Roberto Landavazo
|
0-0: Ball 1-0: DOUBLE (Line Drive, 8LM) Bart Wade to third
|
Batting: LHB Steven Gregory
|
0-0: Ball 1-0: Called Strike 1-1: 3-RUN HOME RUN (Flyball, 9D), Distance : 342 ft
|
Pitching: RHP Ryan Park
|
|
Batting: RHB Jorge García
|
0-0: Ball 1-0: Called Strike 1-1: Foul Ball, location: 2F 1-2: Strikes out swinging
|
Batting: LHB Corey MacGregor
|
0-0: Ball 1-0: Foul Ball, location: 2F 1-1: Ball 2-1: Ball 3-1: Base on Balls
|
Batting: RHB Kyle Watkins
|
0-0: Ball 1-0: Ball 2-0: Ball 3-0: Called Strike 3-1: Fielders Choice at 2nd, 4-6 (Groundball, 4)
|
Bottom of the 9th over - 3 run(s), 2 hit(s), 0 error(s), 0 left on base; Oklahoma State 18 - North Carolina State 10 |
|